 Dungeon Crawl Stone Soup version 0.30-a0-476-g330ca2e (webtiles) character file.

Game seed: 12646888554982354072

10364 PelicanTaco the Basher (level 11, -6/101 HPs)
             Began as a Minotaur Fighter on Dec 19, 2022.
             Was a High Priest of Zin.
             Mangled by a skeletal warrior
             ... wielding a +0 trident
              (14 damage)
             ... on level 11 of the Dungeon on Dec 21, 2022.
             The game lasted 02:20:24 (12051 turns).

PelicanTaco the Basher (Minotaur Fighter)          Turns: 12051, Time: 02:20:25

Health: -6/101     AC: 20    Str: 27    XL:     11   Next: 35%
Magic:  8/10       EV:  7    Int:  6    God:    Zin [*****.]
Gold:   335        SH:  8    Dex: 10    Spells: 10/10 levels left

rFire   . . .      SeeInvis .    a - +3 flail
rCold   . . .      Faith    .    c - +2 buckler
rNeg    . . .      Spirit   .    C - +0 plate armour {rPois}
rPois   ∞          Reflect  .    (helmet restricted)
rElec   .          Harm     .    v - +0 cloak
rCorr   +          Rampage  .    (no gloves)
Will    .....                    (no boots)
Stlth   ..........               i - amulet of the acrobat
HPRegen 0.36/turn                j - ring of resist corrosion
MPRegen 0.12/turn                x - +4 ring of protection

@: vitalised, reciting
A: horns 2, retaliatory headbutt
a: Renounce Religion, Recite, Vitalisation, Imprison, Sanctuary, Donate Gold


You were on level 11 of the Dungeon.
You worshipped Zin.
Zin was extremely pleased with you.
You visited 1 branch of the dungeon, and saw 11 of its levels.

You collected 757 gold pieces.
You donated 422 gold pieces to Zin.

Inventory:

Hand Weapons
 a - a +3 flail (weapon)
 e - a +0 dagger
 A - a +3 great sword
Missiles
 f - 12 poisoned darts (quivered)
 r - 2 boomerangs
 s - 4 javelins
 u - 2 throwing nets
Armour
 c - a +2 buckler (worn)
 v - a +0 cloak (worn)
 C - a +0 plate armour of poison resistance (worn)
Jewellery
 i - an amulet of the acrobat (around neck)
 j - a ring of resist corrosion (left hand)
 n - an amulet of the acrobat
 x - a +4 ring of protection (right hand)
Wands
 w - a wand of charming (1)
Scrolls
 b - a scroll of fog
 g - 9 scrolls of teleportation
 k - 3 scrolls of enchant weapon
 q - 2 scrolls of vulnerability
 y - a scroll of identify
 D - a scroll of poison
Potions
 d - 4 potions of cancellation
 h - 2 potions of heal wounds
 l - a potion of brilliance
 m - 2 potions of magic
 o - 4 potions of curing
 p - a potion of degeneration
 t - 2 potions of flight


   Skills:
 + Level 10.4 Fighting
 * Level 13.6 Maces & Flails
 + Level 10.3 Armour
 + Level 10.3 Shields


You had 10 spell levels left.
You didn't know any spells.
Your spell library contained the following spells:

 Spells                   Type           Power      Damage    Failure   Level
 Slow                     Hex            0%         N/A       99%         1
 Ensorcelled Hibernation  Hex/Ice        0%         N/A       100%        2
 Confusing Touch          Hex            0%         N/A       100%        3
 Spider Form              Tmut/Pois      0%         N/A       100%        3
 Vampiric Draining        Necr           0%         2d6       100%        3
 Anguish                  Hex/Necr       0%         N/A       100%        4


Dungeon Overview and Level Annotations

Branches:
Dungeon (11/15)            Temple (0/1) D:7            Lair (0/5) D:9
    Orc (0/2) D:9

Altars:
Dithmenos
Elyvilon
Kikubaaqudgha
Nemelex Xobeh
Okawaru
Qazlal
Uskayaw
Zin

Shops:
D:8 =   D:10 (

Annotations:
D:3 Sigmund
D:5 3 runed translucent doors, PelicanTaco's ghost, amateur MiFi
D:8 Maurice


Innate Abilities, Weirdness & Mutations

You have a pair of horns on your head.
You reflexively headbutt those who attack you in melee.


Message History

The skeletal warrior is moderately damaged.
The skeletal warrior throws a stone.
The stone closely misses you.
You hit the skeletal warrior.
The skeletal warrior is moderately damaged.
You block the skeletal warrior's attack. x2
You bludgeon the skeletal warrior!!
The skeletal warrior is severely damaged.
The skeletal warrior hits you but does no damage.
You block the skeletal warrior's attack.
You sock the skeletal warrior!
The skeletal warrior is almost destroyed.
The skeletal warrior hits you with a +0 war axe!
The skeletal warrior barely misses you.
You hit the skeletal warrior.
The skeletal warrior is almost destroyed.
You closely miss the skeletal warrior.
Your headbutt misses the skeletal warrior.
The skeletal warrior is almost destroyed.
The skeletal warrior hits you with a +0 war axe.
The skeletal warrior hits you from afar with a +0 trident!
You hit the skeletal warrior but do no damage.
The skeletal warrior is almost destroyed.
The skeletal warrior hits you from afar with a +0 trident!
The skeletal warrior hits you with a +0 war axe.
You hit the skeletal warrior.
You headbutt the skeletal warrior, but do no damage.
The skeletal warrior is almost destroyed.
Zin grants you divine stamina.
The skeletal warrior hits you with a +0 war axe!
The skeletal warrior hits you from afar with a +0 trident!
* * * LOW HITPOINT WARNING * * *
Activating: Recite (6% risk of failure)
Press: ? - help, Dir - look around, f - activate Look: a skeletal warrior, wielding a +0 trident You clear your throat and prepare to recite. "To the devout, Zin provideth.
From the rest..."
The skeletal warrior hits you with a +0 war axe!
* * * LOW HITPOINT WARNING * * *
The skeletal warrior hits you from afar with a +0 trident!
You die...

#.....# ...... #.....# ...... .
######..####### .... ..
##...##..###...########'#######'#
.........#........#..............
.........'........#..............
.........#........#..............
.........#........#..............
##'##...###...##@##....####'#####
....#...###...##z##....#.........
....'..........zzz.z...'.........
....#..................#.........
....#..................#.........
....#..................#.........
....########..##+###+###.........
......# ###..##..##...##.....#+#
......# ...............#.....#


You could see 4 skeletal warriors.

Vanquished Creatures
  A two-headed ogre (D:11)
  A manticore (D:10)
  Joseph (D:8)
  An unseen horror (D:9)
  2 kobold demonologists (D:11)
  4 trolls
  Prince Ribbit (D:8)
  A shadow (D:11)
  3 wraiths
  4 wyverns
  6 yaks
  4 vampire mosquitoes (D:11)
  A steam dragon (D:7)
  A water moccasin (D:6)
  3 acid dragons
  A sky beast (D:6)
  3 black bears
  6 orc warriors
  An ogre (D:4)
  A phantom (D:5)
  2 kobold brigands
  6 bullfrogs
  A gnoll sergeant (D:9)
  A scorpion (D:5)
  9 wights
  3 howler monkeys (D:10)
  8 killer bees
  An electric eel (D:10)
  4 gnoll boudas
  10 orc priests
  2 hounds (D:7)
  4 iguanas
  13 orc wizards
  29 gnolls
  7 adders
  A shadow imp (D:7)
  4 white imps
  3 ufetubi
  A worm (D:3)
  2 dart slugs
  67 orcs
  14 ball pythons
  11 endoplasms
  7 giant cockroaches
  8 goblins
  5 hobgoblins
  2 quokkas
  8 bats
  11 frilled lizards
  13 kobolds
  6 rats
  A rat zombie (D:6)
310 creatures vanquished.

Vanquished Creatures (others)
  2 fungi (D:9)
  10 plants
12 creatures vanquished.

Grand Total: 322 creatures vanquished

Notes
Turn   | Place    | Note
-------+----------+-------------------------------------------
     0 | D:1      | PelicanTaco the Minotaur Fighter began the quest for the
                  | Orb.
     0 | D:1      | Reached XP level 1. HP: 19/19 MP: 0/0
   261 | D:1      | Reached XP level 2. HP: 24/27 MP: 1/1
   470 | D:1      | Reached skill level 3 in Maces & Flails
   750 | D:1      | Reached XP level 3. HP: 32/33 MP: 2/2
  1462 | D:2      | Reached XP level 4. HP: 40/40 MP: 3/3
  1638 | D:3      | Identified a scroll of acquirement
  1638 | D:3      | Acquired a +1 great mace of draining
  1860 | D:3      | Reached skill level 4 in Maces & Flails
  2003 | D:3      | Reached XP level 5. HP: 47/47 MP: 4/4
  2206 | D:3      | Found a stormy altar of Qazlal.
  2379 | D:3      | Found a glowing silver altar of Zin.
  2385 | D:3      | Became a worshipper of Zin the Law-Giver
  2385 | D:3      | Reached * piety under Zin
  2386 | D:3      | Donated 81 gold pieces to Zin
  2474 | D:3      | Noticed Sigmund
  2517 | D:4      | You fall into a shaft and drop 1 floor!
  2517 | D:5      | Entered Level 5 of the Dungeon
  2702 | D:5      | Noticed a phantom
  2762 | D:5      | Reached skill level 5 in Maces & Flails
  2778 | D:5      | Reached XP level 6. HP: 35/55 MP: 5/5
  2928 | D:5      | Reached skill level 5 in Fighting
  2928 | D:5      | Reached skill level 5 in Shields
  2952 | D:5      | Reached skill level 5 in Armour
  3312 | D:4      | Reached skill level 6 in Maces & Flails
  3312 | D:4      | Reached XP level 7. HP: 57/61 MP: 6/6
  3492 | D:4      | Found an ancient bone altar of Kikubaaqudgha.
  3924 | D:4      | Identified the +6 mace of Joat {vorpal, rPois rF- Str+5
                  | Dex+3}
  3925 | D:4      | Found a hide-covered altar of Uskayaw.
  3935 | D:4      | Reached ** piety under Zin
  4300 | D:5      | Upgraded the game from 0.30-a0-469-g84de5af to
                  | 0.30-a0-471-g4f163fc
  4640 | D:5      | Reached skill level 7 in Maces & Flails
  4730 | D:5      | Found a sparkling altar of Nemelex Xobeh.
  4991 | D:5      | Found a white marble altar of Elyvilon.
  5117 | D:5      | Found a runed translucent gate.
  5117 | D:5      | Found a runed translucent gate.
  5117 | D:5      | Noticed PelicanTaco's ghost (amateur MiFi)
  5118 | D:5      | Found a runed translucent gate.
  5795 | D:6      | Found a sand-covered staircase.
  5877 | D:6      | Reached XP level 8. HP: 70/70 MP: 7/7
  5921 | D:6      | Found an iron altar of Okawaru.
  6247 | D:6      | Reached *** piety under Zin
  6308 | D:6      | Reached skill level 8 in Maces & Flails
  6317 | D:6      | Identified the +4 quarterstaff "Kyffapn" {spect, Fly Str+5
                  | Int-5}
  6784 | D:7      | Donated 127 gold pieces to Zin
  7222 | D:7      | Found a staircase to the Ecumenical Temple.
  7232 | D:7      | Donated 75 gold pieces to Zin
  7298 | D:7      | Reached skill level 9 in Maces & Flails
  7399 | D:7      | Reached XP level 9. HP: 69/79 MP: 8/8
  8307 | D:7      | Reached skill level 10 in Maces & Flails
  8497 | D:8      | Found Radioperiph's Jewellery Boutique.
  8502 | D:8      | Donated 64 gold pieces to Zin
  8582 | D:8      | Identified the +1 scale mail of Izuno {rF- Str+5}
  8613 | D:8      | Reached **** piety under Zin
  8617 | D:8      | Noticed Joseph
  8627 | D:8      | Noticed Prince Ribbit
  8628 | D:8      | Killed Joseph
  8642 | D:8      | Killed Prince Ribbit
  8643 | D:8      | Reached skill level 11 in Maces & Flails
  8883 | D:8      | Noticed Maurice
  8928 | D:9      | Killed an unseen horror
  8929 | D:9      | Reached XP level 10. HP: 69/90 MP: 9/9
  9405 | D:9      | Found a staircase to the Lair.
  9718 | D:9      | Reached skill level 12 in Maces & Flails
  9810 | D:9      | Found a staircase to the Orcish Mines.
  9826 | D:9      | Reached ***** piety under Zin
 10035 | D:10     | Entered Level 10 of the Dungeon
 10035 | D:10     | Found Gexelizu's Weapon Boutique.
 10798 | D:10     | Noticed a manticore
 10803 | D:10     | Killed a manticore
 10804 | D:10     | Reached skill level 13 in Maces & Flails
 10804 | D:10     | Reached XP level 11. HP: 89/99 MP: 10/10
 10868 | D:10     | Reached skill level 10 in Fighting
 11219 | D:11     | Upgraded the game from 0.30-a0-471-g4f163fc to
                  | 0.30-a0-476-g330ca2e
 11332 | D:11     | Reached skill level 10 in Armour
 11332 | D:11     | Reached skill level 10 in Shields
 11489 | D:11     | Noticed a two-headed ogre
 11500 | D:11     | Killed a two-headed ogre
 11829 | D:11     | Found a shadowy altar of Dithmenos.
 12011 | D:11     | Noticed a skeletal warrior
 12011 | D:11     | Noticed a skeletal warrior
 12035 | D:11     | Noticed a skeletal warrior
 12035 | D:11     | Noticed a skeletal warrior
 12051 | D:11     | Mangled by a skeletal warrior

Illustrated notes

Levels and vault maps discovered:
D:1:      amcnicky_arrival_flooded_fountain, layout_loops_corners
D:2:      layout_basic, item_on_display_a
D:3:      cheibrodos_pilgrimage, layout_loops_cross, zin_statuary,
          nicolae_qazlal_eye_of_the_storm, uniq_sigmund
D:4:      layout_basic, mainiacjoe_overflow_catwalk,
          mainiacjoe_overflow_tiny_flanked
D:5:      layout_layer_cave, nemelex_diamond_rough_becter,
          nicolae_elyvilon_temple_path, ebering_ghost_rock_garden
D:6:      layout_basic, mainiacjoe_overflow_paths, enter_ossuary_3,
          corexii_corridor_pit, hex_large
D:7:      layout_basic, minmay_temple_entry_trees, st_stairs_4,
          kennysheep_generic_room_6
D:8:      layout_basic, serial_shops, shop, uniq_prince_ribbit1, uniq_maurice,
          uniq_joseph
D:9:      layout_roguey, david_lair_generic, hiddenorc1_lemuel
D:10:     layout_basic, serial_shops, nicolae_shop_bloodbath_and_beyond
D:11:     layout_gridville, grunt_dithmenos_shadows

Skill      XL: |  1  2  3  4  5  6  7  8  9 10 11 |
---------------+----------------------------------+-----
Maces & Flails | 3 4 5 6 7 9 11 13 | 13.6
Fighting       | 4 5 6 7 8 9 10 | 10.4
Armour         | 4 5 6 7 8 9 10 | 10.3
Shields        | 4 5 6 7 8 9 10 | 10.3

Action                   |  1- 3 |  4- 6 |  7- 9 | 10-12 || total
-------------------------+-------+-------+-------+-------++-------
Melee: Flail             |   103 |   137 |   339 |   320 ||   899
       Headbutt          |    14 |    15 |    49 |    54 ||   132
Throw: Throwing net      |       |       |     6 |       ||     6
       Javelin           |       |       |     8 |     8 ||    16
       Dart              |       |       |     1 |    20 ||    21
Invok: Donate Gold       |       |     1 |     3 |       ||     4
       Recite            |       |       |       |     2 ||     2
       Vitalisation      |       |       |       |     1 ||     1
Evoke: Wand              |       |       |     1 |       ||     1
  Use: Scroll            |     5 |     7 |    15 |     3 ||    30
       Potion            |       |     1 |     5 |     1 ||     7
Armor: Chain mail        |    41 |    55 |   181 |    11 ||   288
       Plate armour      |       |       |       |   112 ||   112
Dodge: Dodged            |    33 |    30 |   142 |    91 ||   296
Block: Buckler           |    22 |    28 |    95 |    87 ||   232

Table legend: (Time is in decaauts)
 A = Elapsed time spent in this place.
 B = Non-inter-level travel time spent in this place.
 C = Inter-level travel time spent in this place.
 D = Time resting spent in this place.
 E = Time spent auto-exploring this place.
 F = Levels seen in this place.
 G = Mean time per level.
                   A        B        C        D        E       F      G
               +--------+--------+--------+--------+--------+-----+--------+
         Total |  12078 |  11562 |    516 |   2485 |   2783 |  11 | 1098.0 |
       Dungeon |  12078 |  11562 |    516 |   2485 |   2783 |  11 | 1098.0 |
               +--------+--------+--------+--------+--------+-----+--------+

Top non-repeatable levels by time:
     D:5: 1891 daAuts
     D:6: 1453 daAuts
     D:4: 1288 daAuts
     D:7: 1249 daAuts
    D:10: 1162 daAuts
     D:9: 1136 daAuts
     D:1: 1095 daAuts
     D:3: 899 daAuts
    D:11: 813 daAuts
     D:2: 570 daAuts
     D:8: 516 daAuts
